 Dungeon Crawl Stone Soup version 0.21.0-3-g78d12a8 (webtiles) character file.

2821 microfolk the Skirmisher (level 9, -1/57 HPs)
             Began as a Gargoyle Fighter on Jan 9, 2018.
             Was a Priest of Okawaru.
             Splashed by Erica's acid (10 damage)
             ... on level 9 of the Dungeon.
             The game lasted 00:33:47 (9380 turns).

microfolk the Skirmisher (Gargoyle Fighter)         Turns: 9380, Time: 00:33:48

Health: -1/57      AC: 22    Str: 23    XL:     9   Next: 73%
Magic:  12/12      EV:  3    Int:  9    God:    Okawaru [***...]
Gold:   401        SH: 18    Dex:  9    Spells: 8/8 levels left

rFire    + . .     SeeInvis +   a - +0 flail
rCold    x . .     Gourm    .   K - +2 large shield
rNeg     + . .     Faith    .   v - +0 plate armour
rPois    ∞         Spirit   .   (no helmet)
rElec    +         Reflect  .   (no cloak)
rCorr    .         Harm     .   I - +0 pair of gloves
MR       .....                  L - +0 pair of boots
Stlth    ..........             (no amulet)
HPRegen  0.19/turn              t - ring of see invisible
MPRegen  0.13/turn              j - ring of fire

@: slowed, very slow
A: negative energy resistance 1, electricity resistance, unbreathing,
petrification resistance, rot immunity, AC +6
a: Heroism, Renounce Religion


You were on level 9 of the Dungeon.
You worshipped Okawaru.
Okawaru was most pleased with you.
You were very hungry.

You visited 2 branches of the dungeon, and saw 11 of its levels.

You collected 401 gold pieces.

Inventory:

Hand Weapons
 a - a +0 flail (weapon)
 b - a +0 hunting sling
Missiles
 h - 233 stones (quivered)
 r - 9 sling bullets
Armour
 v - a +0 plate armour (worn)
 I - a +0 pair of gloves (worn)
 K - a +2 large shield (worn)
 L - a +0 pair of boots (worn)
Jewellery
 e - an uncursed ring of flight
 j - a ring of fire (right hand)
 t - a ring of see invisible (left hand)
 w - an uncursed ring of ice
 C - an uncursed amulet of harm
 G - a +2 ring of strength {unknown}
Wands
 u - a wand of iceblast (9)
 F - a wand of paralysis (10)
 M - a wand of acid (7)
Scrolls
 i - a scroll of teleportation
 m - a scroll of enchant weapon {unknown}
 o - a scroll of magic mapping {unknown}
 p - 2 scrolls of immolation
 q - a scroll of fog {unknown}
 x - a scroll of blinking
 y - a scroll of remove curse
 z - a scroll of noise {unknown}
 B - a scroll of enchant armour {unknown}
 N - a scroll of identify
Potions
 c - 2 potions of heal wounds
 d - 2 potions of might
 g - a potion of brilliance
 k - a potion of resistance {unknown}
 l - a potion of mutation {unknown}
 n - a potion of berserk rage
 s - 2 potions of curing
 A - a potion of ambrosia
 D - a potion of lignification {unknown}
 E - 2 potions of agility
 H - a potion of magic
 J - a potion of experience {unknown}
Comestibles
 f - 2 rations


   Skills:
 + Level 7.6 Fighting
 + Level 6.4 Maces & Flails
 + Level 7.5 Armour
 + Level 7.5 Shields
 + Level 4.2 Invocations


You had 8 spell levels left.
You didn't know any spells.

Dungeon Overview and Level Annotations

Branches:
Dungeon (10/15)            Temple (1/1) D:4            Lair (0/6) D:8
    Orc (0/2) D:10

Altars:
Ashenzari
Cheibriados
Elyvilon
Gozag
Hepliaklqana
Kikubaaqudgha
Makhleb
Nemelex Xobeh
Okawaru
Qazlal
Ru
Trog
Uskayaw
Vehumet
Wu Jian
Yredelemnul
Zin
The Shining One
Lugonu

Shops:
D:7 :

Annotations:
D:5 Grinder
D:7 Joseph; ThereIsNoGod's ghost, novice OpEE
D:9 Erica; Prince Ribbit


Innate Abilities, Weirdness & Mutations

You are resistant to torment.
Your stone body is resilient. (AC +6)
You are immune to poison.
You resist negative energy. (rN+)
You are resistant to electric shocks. (rElec)
You can survive without breathing.
You are immune to petrification.
You are immune to rotting.


Message History

You see here a giant club.
There is a stone staircase leading up here.
You climb upwards.
Level annotation: Prince Ribbit
There is a stone staircase leading down here.
You are feeling very hungry.
Found an opulent altar of Gozag.
Found a stone staircase leading up.
Found a scroll labeled COGEQE KIEK.
Erica the Fiery-Tempered comes into view.
She is wielding a scimitar of flaming.
Erica shouts!
Erica gestures at you while chanting.
You feel yourself slow down.
Erica zaps a wand.
The bolt of acid hits you!
You are splashed with acid!
The acid burns!
It is a wand of acid (7).
There is a stone staircase leading up here.
Erica zaps a wand.
The bolt of acid hits you!
* * * LOW HITPOINT WARNING * * *
You are splashed with acid!
The acid burns!
You die...

#..###
####+#####++####....#
....................#
................#####
.........._.....#
................#
......?.........#
......@.........#
.........@......#
#......###......#
####### #......#
########


You could see Erica.

Vanquished Creatures
  A two-headed ogre (D:9)
  A hungry ghost (D:9)
  Menkaure (D:4)
  An orc warrior (D:6)
  2 phantoms
  A sky beast (D:6)
  3 ogres
  An ice beast (D:6)
  2 centaurs
  2 bullfrogs
  2 scorpions
  5 killer bees (D:9)
  2 crimson imps
  A jelly (D:7)
  A quasit (D:9)
  A bullfrog zombie (D:9)
  2 orc wizards (D:3)
  A centaur skeleton (D:9)
  Natasha (D:4)
  7 worker ants
  2 worker ant zombies
  A howler monkey skeleton (D:6)
  6 adders
  A shadow imp (D:5)
  A white imp (D:7)
  2 oozes
  2 adder skeletons
  A worm (D:4)
  2 leopard geckos
  14 orcs
  2 bats
  4 giant cockroaches
  2 gnoll zombies (D:2)
  2 goblins
  9 hobgoblins
  3 jackals (D:6)
  3 frilled lizards
  6 kobolds
  2 quokka zombies (D:5)
  3 rats
106 creatures vanquished.

Vanquished Creatures (others)
  2 plants (D:8)
2 creatures vanquished.

Grand Total: 108 creatures vanquished

Notes
Turn   | Place    | Note
-------+----------+-------------------------------------------
     0 | D:1      | microfolk the Gargoyle Fighter began the quest for the Orb.
     0 | D:1      | Reached XP level 1. HP: 14/14 MP: 1/1
   415 | D:1      | Reached XP level 2. HP: 19/19 MP: 2/2
  1089 | D:2      | Found a basalt altar of Yredelemnul.
  1287 | D:2      | Reached XP level 3. HP: 11/24 MP: 3/3
  2225 | D:3      | Reached XP level 4. HP: 29/29 MP: 4/4
  2459 | D:3      | Found an opulent altar of Gozag.
  2460 | D:3      | Noticed a bullfrog
  2483 | D:3      | Killed a bullfrog
  2483 | D:3      | Reached XP level 5. HP: 18/33 MP: 5/5
  3467 | D:4      | Noticed Menkaure
  3474 | D:4      | Killed Menkaure
  3474 | D:4      | Reached XP level 6. HP: 37/40 MP: 6/6
  3787 | D:4      | Noticed a phantom
  3841 | D:4      | Killed a phantom
  3841 | D:4      | Reached skill level 5 in Fighting
  3841 | D:4      | Reached skill level 5 in Armour
  3841 | D:4      | Reached skill level 5 in Shields
  3841 | D:4      | Reached XP level 7. HP: 18/44 MP: 7/7
  4038 | D:4      | Found a staircase to the Ecumenical Temple.
  4047 | Temple   | Entered the Ecumenical Temple
  4095 | Temple   | Became a worshipper of Warmaster Okawaru
  4382 | D:4      | Noticed Natasha
  4392 | D:4      | Killed Natasha
  4711 | D:5      | Entered Level 5 of the Dungeon
  4808 | D:5      | Found a snail-covered altar of Cheibriados.
  4808 | D:5      | Found a white marble altar of Elyvilon.
  4809 | D:5      | Found a radiant altar of Vehumet.
  4810 | D:5      | Found a hazy altar of Hepliaklqana.
  4811 | D:5      | Noticed Grinder
  5028 | D:5      | Found a hide-covered altar of Uskayaw.
  5288 | D:5      | You fall through a shaft!
  5424 | D:6      | Found a glowing golden altar of the Shining One.
  5775 | D:6      | Reached * piety under Okawaru
  5775 | D:6      | Reached XP level 8. HP: 21/51 MP: 8/8
  6353 | D:5      | Paralysed by Grinder for 6 turns
  6480 | D:6      | Reached skill level 5 in Maces & Flails
  6826 | D:6      | Reached skill level 1 in Invocations
  7167 | D:7      | Found Vonyuthi's Book Shop.
  7167 | D:7      | Noticed Joseph
  7351 | D:7      | Noticed ThereIsNoGod's ghost (novice OpEE)
  8084 | D:8      | Found a sacrificial altar of Ru.
  8113 | D:8      | Found a staircase to the Lair.
  8114 | D:8      | Noticed a komodo dragon
  8255 | D:8      | You fall through a shaft for 2 floors!
  8255 | D:10     | Entered Level 10 of the Dungeon
  8386 | D:10     | Reached ** piety under Okawaru
  8505 | D:10     | Reached XP level 9. HP: 56/56 MP: 8/10
  8818 | D:9      | Noticed a two-headed ogre
  9019 | D:10     | Found a staircase to the Orcish Mines.
  9137 | D:9      | Noticed Prince Ribbit
  9155 | D:9      | Killed a two-headed ogre
  9155 | D:9      | Reached *** piety under Okawaru
  9367 | D:9      | Found an opulent altar of Gozag.
  9375 | D:9      | Noticed Erica
  9380 | D:9      | Splashed by Erica's acid

Skill      XL: |  1  2  3  4  5  6  7  8  9 |
---------------+----------------------------+-----
Fighting       | 4 5 6 7 |  7.6
Maces & Flails | 3 4 5 6 |  6.4
Armour         | 4 5 6 7 |  7.5
Shields        | 4 5 6 7 |  7.5
Invocations    | 2 4 |  4.2

Action                   |  1- 3 |  4- 6 |  7- 9 || total
-------------------------+-------+-------+-------++-------
Melee: Flail             |   121 |   116 |   427 ||   664
 Fire: Hunting sling     |    12 |       |       ||    12
Invok: Heroism           |       |       |     6 ||     6
Evoke: Wand              |       |       |     2 ||     2
  Use: Scroll            |     5 |     1 |     7 ||    13
       Potion            |       |     1 |     2 ||     3
  Eat: Chunk             |     4 |     5 |     6 ||    15
       Ration            |       |       |     6 ||     6
Armor: Scale mail        |    53 |    42 |   113 ||   208
       Plate armour      |       |       |   144 ||   144
Dodge: Dodged            |    45 |    32 |    74 ||   151
Block: Shield            |    66 |    54 |    80 ||   200
       Large shield      |       |       |   331 ||   331
